 Dungeon Crawl Stone Soup version 0.19.5 (console) character file.

66 Grinner the Skirmisher (level 3, -1/31 HPs)
             Began as a Minotaur Transmuter on Mar 16, 2017.
             Killed from afar by Sigmund (7 damage)
             ... with a puff of flame
             ... on level 2 of the Dungeon.
             The game lasted 00:03:59 (2185 turns).

Grinner the Skirmisher (Minotaur Transmuter)        Turns: 2185, Time: 00:03:59

Health: -1/31      AC:  2    Str: 12 (14) XL:     3   Next: 96%
Magic:  4/4        EV: 12    Int:  8 (10) God:
Gold:   100        SH:  0    Dex:  8 (11) Spells: 1 memorised, 3 levels left

rFire  . . .     SeeInvis .       - Unarmed
rCold  . . .     Gourm    .     b - +0 robe
rNeg   . . .     Faith    .     (no shield)
rPois  +         Spirit   .     (helmet restricted)
rElec  .         Reflect  .     (no cloak)
rCorr  .         Harm     .     (no gloves)
MR     .....                    (no boots)
Stlth  +.........               (no amulet)
                                (no ring)
                                i - ring of poison resistance

@: no status effects
A: retaliatory headbutt, horns 2
a: no special abilities


You were on level 2 of the Dungeon.
You were hungry.

You visited 1 branch of the dungeon, and saw 2 of its levels.

You collected 100 gold pieces.

Inventory:

Missiles
 a - 43 arrows
Armour
 b - a +0 robe (worn)
Jewellery
 i - a ring of poison resistance (left hand)
Scrolls
 e - a scroll of identify {unknown}
 g - 4 scrolls of remove curse {unknown}
 j - a scroll of blinking {unknown}
Potions
 f - 3 potions of degeneration
 h - a potion of flight
 k - a potion of lignification
Books
 c - a book of Changes

   Spells                             Type                      Level
   a - Beastly Appendage              Transmutation                1
   b - Sticks to Snakes               Transmutation                2
   c - Spider Form                    Transmutation/Poison         3
   d - Ice Form                       Ice/Transmutation            4
   e - Blade Hands                    Transmutation                5
Comestibles
 d - 2 bread rations
 l - a fruit


   Skills:
 + Level 3.4 Fighting
 - Level 2.1 Dodging
 - Level 3.2 Unarmed Combat
 - Level 1.3 Spellcasting
 + Level 2.6 Transmutations


You had 3 spell levels left.
You knew the following spells:

 Your Spells              Type           Power        Failure   Level  Hunger
a - Beastly Appendage     Tmut           #.....       14%         1    ##.....


Dungeon Overview and Level Annotations

Branches:
Dungeon (2/15)

Altars:

Annotations:
D:2 Sigmund


Innate Abilities, Weirdness & Mutations

You reflexively headbutt those who attack you in melee.
You have a pair of horns on your head.


Message History

Sigmund points at you and mumbles some strange words.
The magic dart hits you! Sigmund gestures at you while chanting.
You resist with significant effort. Sigmund barely misses you.
Sigmund gestures at you while chanting. The magic dart hits you!
Sigmund barely misses you.
You feel less woody.
Your +0 robe unmelds from your body.
Sigmund hits you from afar with a scythe!
* * * LOW HITPOINT WARNING * * *
Sigmund hits you from afar with a scythe.
* * * LOW HITPOINT WARNING * * *
Things that are here:
a club; 9 gold pieces
Okay, then.
Sigmund points at you and mumbles some strange words.
The puff of flame hits you!
You die...

# #.#............##.......# #
#.#.......[....##.......#
###.###.########.##.......#
'...#...# ###.......#
#####.######## #.......# ......#
#....# #.......######
.########....######............#
...............................#
.##...# #...†@).@..............#
.# ... #......................#
.# #....###.......###.<......#
.# #### #..%....# ########## .#
#.......# .# #.......# ...
#.......# #.## #.......# .#
+.......#


You could see Sigmund.

Vanquished Creatures
  An ooze (D:2)
  3 worms (D:2)
  2 dart slugs
  A giant cockroach (D:2)
  3 goblins (D:1)
  10 hobgoblins
  2 jackals (D:2)
  10 bats
  A frilled lizard (D:1)
  9 kobolds
  2 rats (D:2)
44 creatures vanquished.

Notes
Turn   | Place    | Note
-------+----------+-------------------------------------------
     0 | D:1      | Grinner the Minotaur Transmuter began the quest for the Orb.
     0 | D:1      | Reached XP level 1. HP: 16/16 MP: 1/1
   526 | D:1      | Reached XP level 2. HP: 24/24 MP: 3/3
  1066 | D:1      | Reached XP level 3. HP: 26/30 MP: 4/4
  2146 | D:2      | Noticed Sigmund
  2185 | D:2      | Killed from afar by Sigmund

Skill      XL: |  1  2  3 |
---------------+----------+-----
Fighting       | 2 3 |  3.4
Transmutations | 2 |  2.6
Dodging        | |  2.1
Unarmed Combat | |  3.2
Spellcasting   | |  1.3

Action                   || total
-------------------------++-------
Melee: Unarmed           ||   117
       Headbutt          ||    17
  Use: Potion            ||     3
 Stab: Sleeping          ||     1
  Eat: Chunk             ||     3
Armor: Robe              ||    19
       Skin              ||    11
Dodge: Dodged            ||    77
